 Dungeon Crawl Stone Soup version 0.25-a0-294-gea9b1ad378 (webtiles) character file.

Game seed: 16201156269239539319, levelgen mode: deterministic

11 Redear the Skirmisher (level 2, -4/24 HPs)
             Began as a Mummy Monk on Dec 18, 2019.
             Slain by a worker ant (6 damage)
             ... on level 4 of the Dungeon.
             The game lasted 00:00:43 (803 turns).

Redear the Skirmisher (Mummy Monk)                   Turns: 803, Time: 00:00:43

Health: -4/24      AC:  0    Str: 14    XL:     2   Next: 17%
Magic:  2/2        EV: 13    Int:  9    God:
Gold:   63         SH:  0    Dex: 14    Spells: 1/1 levels left

rFire    x . .     SeeInvis .     - Unarmed
rCold    + . .     Gourm    .   (no shield)
rNeg     + + +     Faith    .   (no armour)
rPois    ∞         Spirit   .   (no helmet)
rElec    .         Reflect  .   (no cloak)
rCorr    .         Harm     .   (no gloves)
MR       .....                  (no boots)
Stlth    ++........             (no amulet)
HPRegen  0.08/turn              (no ring)
MPRegen  0.08/turn              (no ring)

@: no status effects
A: no food or potions, fire vulnerability, cold resistance 1, negative energy
resistance 3, torment resistance, unbreathing
a: no special abilities


You were on level 4 of the Dungeon.
You were not hungry.

You visited 1 branch of the dungeon, and saw 3 of its levels.

You collected 63 gold pieces.

Inventory:

Missiles
 Z - a throwing net (quivered) {+f}
Scrolls
 a - a scroll of magic mapping {unknown}
 b - a scroll of identify {unknown}


   Skills:
 + Level 3.2 Fighting
 + Level 2.6 Dodging
 - Level 1.5 Stealth
 + Level 2.6 Unarmed Combat


You had one spell level left.
You didn't know any spells.
Your spell library was empty.

Dungeon Overview and Level Annotations

Branches:
Dungeon (2/15)

Altars:


Innate Abilities, Weirdness & Mutations

You do not eat or drink.
Your flesh is vulnerable to fire.
You are immune to poison.
Your flesh is cold resistant. (rC+)
You are immune to negative energy. (rN+++)
You are immune to unholy pain and torment.
You can survive without breathing.


Message History

Found a scroll labeled HIFUNL DIORENI.
Found a stone staircase leading down.
The frilled lizard hisses angrily.
You hit the worker ant but do no damage.
The worker ant is heavily wounded.
The worker ant barely misses you.
You barely miss the worker ant.
The worker ant is heavily wounded.
A hound comes into view.
The worker ant bites you.
* * * LOW HITPOINT WARNING * * *
You take 4 damage, and have 7/24 hp.
The hound barks!
The teleport trap disappears.
The hound disappears!
The worker ant bites you.
* * * LOW HITPOINT WARNING * * *
The frilled lizard bites you.
* * * LOW HITPOINT WARNING * * *
You take 6 damage, and have 2/24 hp.
MASSIVE DAMAGE!!
The worker ant bites you.
You die...

# .........#.#
##.###.#.###.#.####
..?...............#
#......w###.#.##.#
#####w..# #.#>##.#
#..o###.#.##.##
#.Ol..........######
##.a###.##..........
#.@# #.##.#o.#####
#.>###.##.#..#
#..........#..####o.
#..#######..........
#..?....a..##..###..
#..######..##..# #..
#####..##..#
#..............#
...[........#


You could see an ogre, 2 worms, a worker ant, an orc and a frilled lizard.

Vanquished Creatures
  A leopard gecko (D:1)
  A goblin (D:1)
  A hobgoblin (D:1)
  4 bats (D:1)
  2 frilled lizards (D:1)
  2 rats (D:1)
11 creatures vanquished.

Notes
Turn   | Place    | Note
-------+----------+-------------------------------------------
     0 | D:1      | Redear the Mummy Monk began the quest for the Orb.
     0 | D:1      | Reached XP level 1. HP: 18/18 MP: 1/1
   555 | D:1      | Reached XP level 2. HP: 17/24 MP: 2/2
   767 | D:2      | You fall into a shaft and drop 2 floors!
   794 | D:4      | Noticed an ogre
   799 | D:4      | HP: 2/24 [frilled lizard (3)]
   803 | D:4      | Slain by a worker ant

Levels and vault maps discovered:
D:1:      scummos_arrival_hexagon, layout_loops_cross
D:2:      layout_loops_corners, marbit_many_paths
D:4:      layout_loops_ring, nemelex_xobeh_ov_fountains_minmay

Action                   || total
-------------------------++-------
Melee: Unarmed           ||    47
 Stab: Sleeping          ||     2
Dodge: Dodged            ||    40

Table legend:
 A = Non-vault XP
 B = Vault XP
 C = Vault XP percentage of total XP
 D = Non-vault monster count
 E = Vault monster count
 F = Vault count percentage of total count
                 A         B        C        D         E       F
            +---------+---------+-------+---------+---------+-------
      Total |      17 |       0 |   0.0 |      11 |       0 |   0.0
            +---------+---------+-------+---------+---------+-------
        D:1 |      17 |       0 |   0.0 |      11 |       0 |   0.0
            +---------+---------+-------+---------+---------+-------
